 Dungeon Crawl Stone Soup version 0.24.1 (webtiles) character file.

Game seed: 13547388544639335400, levelgen mode: deterministic

70 Destapler the Chopper (level 4, 0/39 HPs)
             Began as a Hill Orc Chaos Knight on Mar 31, 2020.
             Was a Plaything of Xom.
             Slain by a quokka (1 damage)
             ... on level 2 of the Dungeon.
             The game lasted 00:03:17 (1184 turns).

Destapler the Chopper (Hill Orc Chaos Knight)       Turns: 1184, Time: 00:03:17

Health: 0/39       AC:  5    Str: 15    XL:     4   Next: 22%
Magic:  0/4        EV: 16    Int: 17    God:    Xom [*.....]
Gold:   90         SH:  0    Dex: 15    Spells: 3/3 levels left

rFire    + . .     SeeInvis .   a - +0 hand axe (chaos)
rCold    . . .     Gourm    .   (no shield)
rNeg     . . .     Faith    .   b - +2 leather armour
rPois    +         Spirit   +   (no helmet)
rElec    .         Reflect  .   (no cloak)
rCorr    .         Harm     .   (no gloves)
MR       .....     Clarity  +   (no boots)
Stlth    ++........             k - amulet of guardian spirit
HPRegen  0.13/turn              m - ring of protection from fire
MPRegen  0.09/turn              n - ring of poison resistance

@: brilliant, agile
A: blurry vision 1, clarity
a: Renounce Religion


You were on level 2 of the Dungeon.
You worshipped Xom.
You were a special plaything of Xom.
You were not hungry.

You visited 1 branch of the dungeon, and saw 2 of its levels.

You collected 90 gold pieces.

Inventory:

Hand Weapons
 a - a +0 hand axe of chaos (weapon)
Armour
 b - a +2 leather armour (worn)
Jewellery
 k - an amulet of guardian spirit (around neck)
 m - a ring of protection from fire (left hand)
 n - a ring of poison resistance (right hand)
Scrolls
 d - a scroll of blinking {unknown}
 e - a scroll of noise {unknown}
 g - a scroll of random uselessness {unknown}
 i - a scroll of fear {unknown}
 j - a scroll of enchant armour {unknown}
 l - 2 scrolls of identify {unknown}
 o - a scroll of amnesia {unknown}
 r - a scroll of magic mapping {unknown}
Comestibles
 c - 5 rations
 q - 3 chunks of flesh


   Skills:
 - Level 3.6 Fighting
 + Level 6.6 Axes
 - Level 2.1 Armour
 - Level 0.7 Dodging


You had 3 spell levels left.
You didn't know any spells.
Your spell library was empty.

Dungeon Overview and Level Annotations

Branches:
Dungeon (2/15)

Altars:
Nemelex Xobeh


Innate Abilities, Weirdness & Mutations

Scrolls take you a little longer to read.
You possess an exceptional clarity of mind.


Message History

Something bites you.
* * * LOW HITPOINT WARNING * * *
The goblin throws a boomerang.
The boomerang hits you but does no damage.
The weapon returns to the goblin!
It was a potion of brilliance.
You feel clever all of a sudden. Something bites you.
* * * LOW HITPOINT WARNING * * *
The goblin throws a boomerang.
The boomerang barely misses you.
The weapon returns to the goblin!
Something bites you but does no damage.
Okay, then.
It was a potion of agility.
You feel agile all of a sudden. Something barely misses you.
You miss something.
The goblin throws a boomerang.
The boomerang barely misses you.
The weapon returns to the goblin!
Something bites you.
You die...
Xom yawns loudly!

### ..# #.# #.# # #####.#
#.###.....###################
##>........g{@................
.........#####################
......†..# ...............
.......g$......
...............
.......r.......
##.###.##...... #. #. ######


You could see a goblin.

Vanquished Creatures
  2 adders (D:2)
  4 dart slugs (D:1)
  A leopard gecko (D:1)
  A ball python (D:1)
  2 giant cockroaches
  3 goblins
  3 hobgoblins
  7 jackals (D:1)
  4 kobolds (D:1)
  6 bats
  3 frilled lizards
  5 rats
41 creatures vanquished.

Vanquished Creatures (others)
  A bat (D:1)
1 creature vanquished.

Grand Total: 42 creatures vanquished

Notes
Turn   | Place    | Note
-------+----------+-------------------------------------------
     0 | D:1      | Destapler the Hill Orc Chaos Knight began the quest for the
                  | Orb.
     0 | D:1      | Reached XP level 1. HP: 19/19 MP: 1/1
   103 | D:1      | Reached XP level 2. HP: 19/26 MP: 2/2
   113 | D:1      | XOM: harmless Hex miscast
   132 | D:1      | Reached skill level 5 in Axes
   133 | D:1      | XOM: silly message
   136 | D:1      | XOM: divination: detect items
   233 | D:1      | XOM: harmless Fire miscast
   261 | D:1      | Reached XP level 3. HP: 26/31 MP: 3/3
   284 | D:1      | XOM: harmless Tloc miscast
   480 | D:1      | XOM: god gift: ration
   867 | D:2      | Reached skill level 6 in Axes
   958 | D:2      | Found a sparkling altar of Nemelex Xobeh.
  1010 | D:2      | Reached XP level 4. HP: 36/39 MP: 4/4
  1174 | D:2      | Gained mutation: Scrolls take you a little longer to read.
                  | [potion of mutation]
  1174 | D:2      | Gained mutation: You possess an exceptional clarity of
                  | mind. [potion of mutation]
  1181 | D:2      | XOM: noise
  1182 | D:2      | HP: 1/39 [something (2)]
  1184 | D:2      | Slain by a quokka

Levels and vault maps discovered:
D:1:      evilmike_arrival_rings, layout_basic, minmay_hexomino_p4
D:2:      layout_basic, nemelex_xobeh_ov_fountains_minmay

Skill      XL: |  1  2  3 |
---------------+----------+-----
Axes           | 5 6 |  6.6
Fighting       | |  3.6
Armour         | |  2.1
Dodging        | |  0.7

Action                   |  1- 3 |  4- 6 || total
-------------------------+-------+-------++-------
Melee: Hand axe          |    93 |    21 ||   114
  Use: Potion            |       |     3 ||     3
 Stab: Sleeping          |     1 |       ||     1
  Eat: Chunk             |       |     1 ||     1
Armor: Leather armour    |    42 |    12 ||    54
Dodge: Dodged            |    58 |    18 ||    76
